Fleur, neutral female sylph Wizard ----- ----- -------------- -----# |..*-#### |...| |...<........| #-...-## |...| # |..>.# |.............######|...|## ----- |.... ###....|# |*...........| |)..|#####....| -.--- #--.--# ------.------- |...| # |...| ## # # ----- ..**| # # ### |t*.| # #### %## ########f##################..*.| # # # @ # --.-- # ####TT # # -----.-- -.-|-- # # # # |.......####G.....| #########%T%# * # |......| |....| # -------.-%---- ############# |......+ ...... ##+.%[%...h(...| -.---.-- -------- |....| |.(h.....[\..| |......| |#....#######...Hh........| |......| ------ |....(..[....| |.....^| -------------- -------- Fleur the Magician Experience level: 12 Strength: 15 Dexterity: 14 Constitution: 16 Intelligence: 17 Wisdom: 15 Charisma: 9 Health: 0(86) Energy: 152(177) Def: 1 Gold: 567 Moves: 12175 Dungeon seed: vVNi0CEg3P1SDMZH Game ID: Fleur_1463435014 Your Inventory: Coins $ - 567 gold pieces Weapons k - a rusty +4 dagger (weapon in hand) Armor q - an uncursed +0 cloak of magic resistance (being worn) Comestibles s - 15 uncursed lumps of royal jelly U - 2 uncursed carrots X - 2 uncursed tripe rations Scrolls N - an uncursed scroll of magic mapping Wands a - a wand of fire (0:6) i - a wand of teleportation (0:5) r - a wand of death (0:3) v - a wand of opening (0:8) G - a wand of magic missile (0:4) M - a wand of fire (0:8) P - a wand of digging (0:7) Tools e - a +0 unicorn horn o - an uncursed skeleton key z - an uncursed bag of holding Y - an uncursed towel Contents of the bag of holding: 13088 gold pieces a +2 dagger a +0 dagger a blessed +0 elven dagger a blessed +1 pair of leather gloves an uncursed +0 pair of speed boots an uncursed K-ration 6 uncursed figues 8 uncursed food rations an uncursed lembas wafer 2 uncursed scrolls of create monster a cursed scroll of enchant armor a blessed scroll of enchant weapon 2 uncursed scrolls of enchant weapon an uncursed scroll of gold detection 2 uncursed scrolls of punishment a blessed scroll of remove curse an uncursed scroll of scare monster an uncursed scroll of teleportation an uncursed spellbook of cause fear an uncursed spellbook of confuse monster an uncursed spellbook of detect monsters an uncursed potion of confusion an uncursed potion of extra healing an uncursed potion of gain ability an uncursed potion of gain energy 2 uncursed potions of gain level 2 uncursed potions of invisibility an uncursed potion of monster detection a cursed potion of monster detection 2 uncursed potions of object detection an uncursed potion of paralysis 2 cursed potions of paralysis an uncursed potion of sleeping 8 uncursed potions of water an uncursed ring of free action an uncursed -3 ring of gain strength an uncursed ring of polymorph control an uncursed ring of searching an uncursed ring of stealth a wand of lightning (0:3) a wand of magic missile (0:4) a wand of striking (0:5) a +0 pick-axe 4 uncursed citrine stones an uncursed garnet stone an uncursed luckstone Spells and supernatural/magical abilities: Name Level Category Fail Memory a - force bolt 1 attack 0% 40% c - cause fear 3 enchantment 0% 98% e - charm monster 3 enchantment 0% 59% h - healing 1 healing 0% 40% j - jumping 1 escape 0% 53% m - magic missile 2 attack 0% 51% n - detect monsters 1 divination 0% 87% u - confuse monster 2 enchantment 0% 94% H - haste self 3 escape 70% 62% I - identify 3 divination 0% 59% W - pray for help -- divine ? -- Your skills at the end: Miscellaneous Skills wands [Basic] Weapon Skills dagger [Basic] quarterstaff [Basic] Spellcasting Skills attack spells [Basic] healing spells [Basic] divination spells [Basic] enchantment spells [Basic] Final Attributes: You were stridently aligned. You were magic-protected. You were blinded. You saw invisible. You were telepathic. You had infravision. You were invisible to others. You were stealthy. You were protected from shape changers. You were fast. You are dead. Vanquished creatures: an Aleax 3 frost giants a black pudding a vampire 2 ghosts a queen bee 2 giant mimics a fire giant 3 ice trolls 5 rock trolls a large mimic a wumpus 2 long worms a stalker a black naga 2 xorns 2 small mimics 2 xans an ogre lord a quantum mechanic 15 trolls a sasquatch a wood golem a flaming sphere 3 shocking spheres a large cat 3 tigers a gargoyle a dwarf king 4 tengu a gelatinous cube an ochre jelly a chameleon a leocrotta 4 mountain centaurs 2 wraiths 2 leather golems 4 Grey-elves a soldier a succubus an incubus 2 giant beetles 2 cockatrices 3 wolves a gremlin a leprechaun 3 quivering blobs 2 spotted jellies a lizard an orc-captain 2 mumakil 2 giant spiders 2 scorpions 2 iron piercers a black light 15 vampire bats 3 forest centaurs 5 gnome kings 5 ogres 2 brown puddings 3 rust monsters 2 owlbears 4 yetis a gold golem a werewolf 3 giant eels 2 chickatrices a dog 2 dingos a housecat a jaguar 3 dwarf lords 4 blue jellies 2 water nymphs 2 white unicorns 2 black unicorns a dust vortex 2 ravens 3 plains centaurs 4 snakes 7 apes a rope golem 7 Woodland-elves 2 soldier ants 3 fire ants 28 bugbears an imp a quasit a wood nymph 3 Mordor orcs 7 Uruk-hai an orc shaman a rock mole 3 rock piercers a pony 3 fog clouds 4 yellow lights 2 shriekers 4 violet fungi 10 gnome lords 4 gnomish wizards 3 kobold mummies a guardian naga hatchling 2 gray oozes 2 barrow wights a ghoul 3 straw golems 2 paper golems 5 giant ants 2 little dogs 3 floating eyes a kitten 8 dwarves 2 homunculi a kobold lord 2 kobold shamans 7 iguanas 4 hill orcs 2 rothes a rabid rat a centipede 2 giant bats an orc zombie 5 dwarf zombies 2 wererats 3 werejackals 65 killer bees 4 coyotes 2 gas spores a hobbit 3 large kobolds 10 geckos 25 hobgoblins 9 giant rats 4 cave spiders 2 brown molds 2 green molds 4 red molds 20 gnomes 13 garter snakes 3 manes 3 gnome zombies 17 jackals a fox 4 kobolds 5 newts 5 goblins 2 sewer rats 12 grid bugs 4 bats 11 lichens 2 kobold zombies 576 creatures vanquished. Voluntary challenges: You had did not eat until turn 1916. You had followed a strict vegan diet until turn 3085. You had followed a strict vegetarian diet until turn 3172. You did not adorn yourself with jewelry or accessories. You used a wielded weapon 281 times, starting on turn 82. You read items or engraved 80 times, starting on turn 1891. You never genocided any monsters. You never polymorphed an object. You never changed form. You cheated 2 times but completed Sokoban on turn 7463. You used no wishes. You never split a pudding. You wrote Elbereth's name 22 times, starting on turn 1891. You violated your moral code, losing 8 points of alignment, starting on turn 3172. Dungeon overview: The Dungeons of Doom: levels 1 to 21 Level 1 an altar to Thoth, a fountain a long staircase Level 2 a scroll shop Level 3 Level 4 a scroll shop stairs to The Gnomish Mines Level 5 Level 6 a fountain Level 7 an altar to Thoth Level 8 many fountains, a sink Level 9 many fountains Level 10 some fountains stairs to Sokoban Level 11 a fountain, a throne Level 12 Level 13 Level 14 Level 15 <- You were here a sink, a throne portal to The Quest Level 16 Level 17 a throne Level 18 a fountain, a sink, a throne Level 19 Level 20 Level 21 The Gnomish Mines: levels 5 to 7 Level 5 stairs to The Dungeons of Doom Level 6 Level 7 some shops, a temple to Anhur, a magic chest, some fountains The Quest: Level 1 a magic chest, a throne portal to The Dungeons of Doom Sokoban: levels 6 to 9 Level 6 a magic chest Level 7 Level 8 Level 9 a magic chest stairs to The Dungeons of Doom History has recorded: On T:1 you entered the Dungeons of Doom to retrieve the Amulet of Yendor! On T:30 you reached level 2 of The Dungeons of Doom. On T:358 you reached level 3 of The Dungeons of Doom. On T:538 you reached level 5 of The Dungeons of Doom. On T:656 you reached level 6 of The Dungeons of Doom. On T:677 you reached level 4 of The Dungeons of Doom. On T:745 you advanced to experience level 2. On T:931 you advanced to experience level 3. On T:1280 you advanced to experience level 4. On T:1329 you reached level 1 of The Gnomish Mines. On T:1470 you reached level 2 of The Gnomish Mines. On T:1677 you advanced to experience level 5. On T:2014 you reached level 3 of The Gnomish Mines. On T:2085 you advanced to experience level 6. On T:2115 you entered the Minetown temple On T:2273 you opened a magic chest. On T:2465 you advanced to experience level 7. On T:2530 you opened a magic chest. On T:2630 you opened a magic chest. On T:2637 you opened a magic chest. On T:2640 you opened a magic chest. On T:2641 you opened a magic chest. On T:2650 you opened a magic chest. On T:2666 you opened a magic chest. On T:2667 you opened a magic chest. On T:2668 you opened a magic chest. On T:3192 you reached level 7 of The Dungeons of Doom. On T:3252 you reached level 8 of The Dungeons of Doom. On T:3306 you reached level 9 of The Dungeons of Doom. On T:3668 you reached level 10 of The Dungeons of Doom. On T:3938 you advanced to experience level 8. On T:4326 you reached level 4 of Sokoban. On T:4408 you opened a magic chest. On T:4463 you opened a magic chest. On T:4807 you reached level 3 of Sokoban. On T:4896 you opened a magic chest. On T:4897 you opened a magic chest. On T:4935 you opened a magic chest. On T:4935 you opened a magic chest. On T:4951 you opened a magic chest. On T:5267 you opened a magic chest. On T:5311 you opened a magic chest. On T:5311 you opened a magic chest. On T:5357 you opened a magic chest. On T:5357 you opened a magic chest. On T:5359 you opened a magic chest. On T:5414 you advanced to experience level 9. On T:5869 you reached level 2 of Sokoban. On T:6454 you reached level 1 of Sokoban. On T:7463 you entered the Sokoban zoo. On T:7563 you opened a magic chest. On T:7688 you opened a magic chest. On T:7947 you reached level 11 of The Dungeons of Doom. On T:8073 you advanced to experience level 10. On T:8188 you reached level 12 of The Dungeons of Doom. On T:8275 you reached level 13 of The Dungeons of Doom. On T:8393 you opened a magic chest. On T:8395 you opened a magic chest. On T:8395 you opened a magic chest. On T:8395 you opened a magic chest. On T:8398 you opened a magic chest. On T:8398 you opened a magic chest. On T:8399 you opened a magic chest. On T:8414 you opened a magic chest. On T:8415 you opened a magic chest. On T:8920 you opened a magic chest. On T:8920 you opened a magic chest. On T:8923 you opened a magic chest. On T:8924 you opened a magic chest. On T:8924 you opened a magic chest. On T:8925 you opened a magic chest. On T:8926 you opened a magic chest. On T:8926 you opened a magic chest. On T:8926 you opened a magic chest. On T:8927 you opened a magic chest. On T:8985 you opened a magic chest. On T:8986 you opened a magic chest. On T:9142 you reached level 14 of The Dungeons of Doom. On T:9416 you reached level 15 of The Dungeons of Doom. On T:9507 you reached level 1 of The Quest. On T:9545 you advanced to experience level 11. On T:10103 you reached level 16 of The Dungeons of Doom. On T:10754 you reached level 17 of The Dungeons of Doom. On T:10950 you reached level 18 of The Dungeons of Doom. On T:11112 you reached level 19 of The Dungeons of Doom. On T:11407 you reached level 20 of The Dungeons of Doom. On T:11581 you reached level 21 of The Dungeons of Doom. On T:11583 you advanced to experience level 12. Score breakdown: Gold: 13655 ( 1365 points) Experience: 12 levels ( 1100 points) Exploration: 21 levels ( 600 points) Discoveries: 98 items ( 2000 points) Variety of kills: 152 monsters ( 2000 points) Major goal: finished Sokoban ( 1000 points) Survival: died (score multiplied by 3) Total score: 24195 Latest messages: You hear maniacal laughter in the distance. The rock troll hacks you! The rock troll claws you! You die... Final status: Goodbye Fleur the Wizard, killed by a rock troll... You died in The Dungeons of Doom on dungeon level 15 with 24195 points, and 13655 pieces of gold, after 12175 moves. You were level 12 with a maximum of 86 hit points when you died.